 Dungeon Crawl Stone Soup version 0.21.0-24-g2553a33 (webtiles) character file.

1668 Gorglomux the Covered (level 9, 0/56 HPs)
             Began as a Gargoyle Fighter on Jan 20, 2018.
             Was a Follower of Okawaru.
             Killed by divine providence
             ... invoked by an orc priest
              (13 damage)
             ... on level 7 of the Dungeon.
             The game lasted 00:04:15 (5337 turns).

Gorglomux the Covered (Gargoyle Fighter)            Turns: 5337, Time: 00:04:15

Health: 0/56       AC: 29    Str: 23    XL:     9   Next: 1%
Magic:  7/9        EV:  8    Int:  9    God:    Okawaru [*.....]
Gold:   230        SH: 12    Dex:  9    Spells: 8/8 levels left

rFire    . . .     SeeInvis .   a - +0 war axe
rCold    . . .     Gourm    .   c - +0 shield
rNeg     + . .     Faith    .   K - +0 plate armour
rPois    ∞         Spirit   .   W - +1 hat
rElec    +         Reflect  .   P - +0 cloak
rCorr    .         Harm     .   (no gloves)
MR       .....                  l - +0 pair of boots
Stlth    ..........             u - amulet of rage
HPRegen  0.18/turn              k - +4 ring of protection
MPRegen  0.11/turn              (no ring)

@: about to teleport, heroism
A: negative energy resistance 1, electricity resistance, unbreathing,
petrification resistance, rot immunity, AC +6
a: Heroism, Renounce Religion, Evoke Berserk Rage


You were on level 7 of the Dungeon.
You worshipped Okawaru.
Okawaru was aware of your devotion.
You were not hungry.

You visited 2 branches of the dungeon, and saw 8 of its levels.

You collected 391 gold pieces.
You spent 161 gold pieces at shops.

Inventory:

Hand Weapons
 a - a +0 war axe (weapon)
 X - a +2 antimagic hand axe
Missiles
 Z - a throwing net (quivered)
Armour
 c - a +0 shield (worn)
 l - a +0 pair of boots (worn)
 K - a +0 plate armour (worn)
 P - a +0 cloak (worn)
 W - a +1 hat (worn)
Jewellery
 k - a +4 ring of protection (left hand)
 u - an amulet of rage (around neck)
Scrolls
 j - 3 scrolls of remove curse
 p - a scroll of random uselessness {unknown}
 s - a scroll of fear {unknown}
 I - a scroll of vulnerability {unknown}
 L - a scroll of blinking {unknown}
 R - 3 scrolls of identify
 T - a scroll of teleportation
 Y - 2 scrolls of amnesia {unknown}
Potions
 d - 3 potions of might
 h - 2 potions of cancellation {unknown}
 m - a potion of lignification {unknown}
 o - a potion of haste {unknown}
 q - 2 potions of brilliance
 r - a potion of ambrosia {unknown}
 t - a potion of degeneration {unknown}
 J - a potion of agility {unknown}
 O - a potion of berserk rage {unknown}
 Q - a potion of curing
 S - a potion of invisibility {unknown}
 V - a potion of heal wounds {unknown}
Books
 M - a book of Cantrips

   Spells                             Type                      Level
   a - Confusing Touch                Hexes                        1
   b - Animate Skeleton               Necromancy                   1
   c - Summon Small Mammal            Summoning                    1
   d - Apportation                    Translocation                1
 U - a book of Necromancy

   Spells                             Type                      Level
   a - Pain                           Necromancy                   1
   b - Animate Skeleton               Necromancy                   1
   c - Vampiric Draining              Necromancy                   3
   d - Regeneration                   Charms/Necromancy            3
   e - Animate Dead                   Necromancy                   4
   f - Borgnjor's Vile Clutch         Necromancy/Earth             5
Comestibles
 f - 15 rations
 N - 4 chunks of flesh


   Skills:
 + Level 6.9(11.9) Fighting
 + Level 5.3(10.3) Axes
 + Level 6.9(11.9) Armour
 + Level 6.9(11.9) Shields


You had 8 spell levels left.
You didn't know any spells.

Dungeon Overview and Level Annotations

Branches:
Dungeon (7/15)             Temple (1/1) D:4

Altars:
Ashenzari
Cheibriados
Dithmenos
Elyvilon
Gozag
Kikubaaqudgha
Nemelex Xobeh
Okawaru
Qazlal
Ru
Sif Muna
Trog
Uskayaw
Vehumet
Wu Jian
Xom
Zin
The Shining One

Shops:
D:4 [   D:7 =


Innate Abilities, Weirdness & Mutations

You are resistant to torment.
Your stone body is resilient. (AC +6)
You are immune to poison.
You resist negative energy. (rN+)
You are resistant to electric shocks. (rElec)
You can survive without breathing.
You are immune to petrification.
You are immune to rotting.


Message History

The orc priest looks encouraged for a moment!
You see here a club!
As you butt the scroll labeled JIETA UTSYSMO, it crumbles to dust!
It is a scroll of identify!
p - 2 scrolls of teleportation;
T - 2 scrolls of teleportation
p - a scroll butt NARGHE HUEDGH;
R - 3 scrolls of butt
h - 2 metallic blue potions You block the gnoll's attack!
Butts you read the scroll of teleportation, it crumbles to dust!
You feel strangely unstable! You block the gnoll's butt!
Butt command!
You gain the combat prowess of a mighty hero!
The orc priest invokes the aid of Beogh against you!
Beogh smites you!!! * * * don't die
* * * You block the butt's attack!
You feel better!
The butt priest invokes the aid of Beogh against you!
Beogh smites you!!! rip

### #### ##@# ### ##..#
##g## ####... ##...#
#go####......#
.###....###go#..........
...###....##.o...........
...# ###.......g.........
#.... ##................
#..# ##...............
..# ##.......o)......


You could see 2 orc priests, 3 gnolls and an orc.

Vanquished Creatures
  Eustachio (D:6)
  A water moccasin (D:5)
  2 orc warriors
  2 centaurs (D:5)
  An ogre (D:4)
  A bullfrog (D:6)
  2 howler monkeys (D:4)
  4 crimson imps
  3 hounds
  6 orc wizards
  5 orc priests
  4 worker ants
  2 iguanas
  7 adders
  A gnoll (D:7)
  A shadow imp (D:7)
  An adder zombie (D:6)
  2 worms
  2 dart slugs (D:2)
  4 leopard geckos
  22 orcs
  2 giant cockroaches
  6 goblins
  7 hobgoblins
  8 jackals
  8 kobolds
  2 quokkas
  A ball python (D:5)
  2 bats
  4 frilled lizards
  A jackal skeleton (D:6)
  A leopard gecko skeleton (D:4)
  9 rats
125 creatures vanquished.

Notes
Turn   | Place    | Note
-------+----------+-------------------------------------------
     0 | D:1      | Gorglomux the Gargoyle Fighter began the quest for the Orb.
     0 | D:1      | Reached XP level 1. HP: 14/14 MP: 1/1
    76 | D:1      | Reached XP level 2. HP: 15/19 MP: 2/2
   988 | D:2      | Reached XP level 3. HP: 23/23 MP: 3/3
  1363 | D:3      | Reached XP level 4. HP: 28/29 MP: 4/4
  1662 | D:3      | Reached XP level 5. HP: 33/33 MP: 5/5
  1965 | D:4      | Found Ocokuuro's Antique Armour Boutique.
  1972 | D:4      | Bought a glowing hat for 161 gold pieces
  2164 | D:4      | Reached skill level 3 in Axes
  2209 | D:4      | Reached XP level 6. HP: 39/39 MP: 6/6
  2578 | D:4      | Reached XP level 7. HP: 43/44 MP: 7/7
  2919 | D:4      | Found a staircase to the Ecumenical Temple.
  2936 | Temple   | Entered the Ecumenical Temple
  3020 | Temple   | Became a worshipper of Warmaster Okawaru
  3096 | D:5      | Entered Level 5 of the Dungeon
  3117 | D:5      | Found a shattered altar of Ashenzari.
  3120 | D:5      | Found a white marble altar of Elyvilon.
  3369 | D:5      | Found a sacrificial altar of Ru.
  3412 | D:5      | Reached XP level 8. HP: 51/51 MP: 8/8
  3805 | D:5      | Reached * piety under Okawaru
  3837 | D:5      | Reached skill level 6 in Fighting
  3837 | D:5      | Reached skill level 6 in Armour
  3837 | D:5      | Reached skill level 6 in Shields
  3995 | D:6      | Noticed Eustachio
  4032 | D:6      | Killed Eustachio
  4557 | D:6      | HP: 2/78 [orc warrior/glaive (15)]
  4615 | D:6      | Found a snail-covered altar of Cheibriados.
  4615 | D:6      | Found a faded altar of an unknown god.
  4620 | D:6      | Found a sparkling altar of Nemelex Xobeh.
  4622 | D:6      | Found a faded altar of an unknown god.
  4624 | D:6      | Found a bloodstained altar of Trog.
  5137 | D:7      | Found Vuommeu's Jewellery Boutique.
  5183 | D:7      | Reached XP level 9. HP: 26/56 MP: 1/9
  5337 | D:7      | Killed from afar by an orc priest

Skill      XL: |  1  2  3  4  5  6  7  8 |
---------------+-------------------------+-----
Axes           | 2 3 4 5 |  5.3
Fighting       | 4 5 6 |  6.9
Armour         | 4 5 6 |  6.9
Shields        | 4 5 6 |  6.9

Action                   |  1- 3 |  4- 6 |  7- 9 || total
-------------------------+-------+-------+-------++-------
Melee: War axe           |   125 |    99 |   205 ||   429
       Hand axe          |       |       |    44 ||    44
Invok: Heroism           |       |       |     3 ||     3
 Abil: Evoke Berserk Rag |       |       |     3 ||     3
  Use: Potion            |       |       |     4 ||     4
       Scroll            |       |       |     3 ||     3
 Stab: Invisible         |       |       |     1 ||     1
       Paralysed         |       |       |     1 ||     1
  Eat: Chunk             |     2 |     4 |    12 ||    18
Armor: Scale mail        |    62 |    27 |       ||    89
       Chain mail        |       |    39 |   159 ||   198
       Plate armour      |       |       |    17 ||    17
Dodge: Dodged            |    43 |    21 |    69 ||   133
Block: Shield            |    61 |    52 |   141 ||   254
